 Dungeon Crawl Stone Soup version 0.23.2-30-g0e89c35649 (webtiles) character file.

Game seed: 9723549035745105215

17464 HASTUR3 the Brawler (level 12, -5/115 HPs)
             Began as a Troll Berserker on June 16, 2019.
             Was a High Priest of Trog.
             Slain by a large slime creature (29 damage)
             ... summoned by a boggart
             ... on level 12 of the Dungeon.
             The game lasted 00:35:29 (8847 turns).

HASTUR3 the Brawler (Troll Berserker)               Turns: 8847, Time: 00:35:29

Health: -5/115     AC: 10    Str: 28    XL:     12   Next: 19%
Magic:  11/11      EV: 16    Int:  3    God:    Trog [*****.]
Gold:   599        SH:  0    Dex: 15    Spells: 11/11 levels left

rFire    + + .     SeeInvis .     - Unarmed
rCold    . . .     Gourm    +   (no shield)
rNeg     . . .     Faith    .   o - +2 robe {rF+}
rPois    .         Spirit   .   E - +2 hat
rElec    .         Reflect  .   (no cloak)
rCorr    .         Harm     .   (gloves unavailable)
MR       .....                  (boots unavailable)
Stlth    +.........             (no amulet)
HPRegen  0.69/turn              n - ring of protection from fire
MPRegen  0.12/turn              (no ring)

@: berserk cooldown, slowed, very slow
A: large, unfitting armour, claws 3, repulsion field 1, agile 1, fast metabolism
3, gourmand, regeneration 1, shaggy fur 1, tough skin 3
a: Berserk, Trog's Hand, Brothers in Arms, Renounce Religion


You were on level 12 of the Dungeon.
You worshipped Trog.
Trog was extremely pleased with you.
You were full.

You visited 1 branch of the dungeon, and saw 12 of its levels.

You collected 599 gold pieces.

Inventory:

Missiles
 z - 9 large rocks (quivered)
Armour
 o - a +2 robe of fire resistance (worn)
 E - a +2 hat (worn)
Jewellery
 h - an uncursed amulet of magic regeneration
 n - a ring of protection from fire (left claw)
 t - an uncursed amulet of regeneration
 F - an uncursed ring of fire
Wands
 l - a wand of disintegration (5)
 p - a wand of enslavement (7)
 y - a wand of flame (21)
 B - a wand of polymorph (12)
 D - a wand of random effects (17)
Scrolls
 a - 3 scrolls of fear
 c - 9 scrolls of identify
 d - 2 scrolls of blinking
 e - 3 scrolls of immolation
 f - 3 scrolls of remove curse
 i - 5 scrolls of teleportation
 j - 8 scrolls of amnesia
 A - 3 scrolls of enchant armour
 C - a scroll of enchant weapon {unknown}
 H - a scroll of acquirement {unknown}
Potions
 g - 2 potions of haste
 k - a potion of agility {unknown}
 m - 5 potions of curing {unknown}
 q - 3 potions of might
 r - 6 potions of heal wounds {unknown}
 s - a potion of brilliance {unknown}
 u - a potion of invisibility {unknown}
 v - 2 potions of resistance {unknown}
 w - a potion of berserk rage {unknown}
 x - a potion of magic {unknown}
 G - a potion of lignification {unknown}
 I - a potion of cancellation {unknown}
Comestibles
 b - 29 rations


   Skills:
 - Level 6.6 Fighting
 - Level 6.1 Throwing
 - Level 6.5 Dodging
 + Level 15.4 Unarmed Combat


You had 11 spell levels left.
You didn't know any spells.
Your spell library contained the following spells:

 Spells                   Type           Power        Failure   Level  Hunger
 Bolt of Magma            Conj/Fire/Erth #.........   100%        5    ######.
 Iskenderun's Battlesphe  Conj/Chrm      #.......     100%        5    ######.
 Venom Bolt               Conj/Pois      #.........   100%        5    ######.
 Iron Shot                Conj/Erth      #.........   100%        6    #######
 Orb of Destruction       Conj           #.........   100%        7    #######
 Spellforged Servitor     Conj/Summ      #.........   100%        7    #######


Dungeon Overview and Level Annotations

Branches:
Dungeon (12/15)            Temple (0/1) D:6            Lair (0/6) D:9
    Orc (0/2) D:12

Altars:
Ashenzari
Dithmenos
Elyvilon
Fedhas
Kikubaaqudgha
Okawaru
Ru
Trog
Uskayaw
Xom
Yredelemnul

Shops:
D:6 %   D:7 (

Annotations:
D:12 Azrael


Innate Abilities, Weirdness & Mutations

You are too large for most types of armour.
You have claws for hands.
Your metabolism is lightning-fast.
You like to eat raw meat.
Your natural rate of healing is unusually fast.
You are covered in fur. (AC +1)
You have extremely tough skin. (AC +3)
You are surrounded by a mild repulsion field. (EV +2)
You are agile. (Dex +2)


Message History

Beogh smites you!
You hear a bark!
Things that are here:
a +0 short sword; an orc corpse You mangle the large slime creature!!
The large slime creature is moderately wounded.
The large slime creature closely misses you.
The orc priest invokes the aid of Beogh against you.
Beogh smites you!
You scratch the large slime creature.
The large slime creature is moderately wounded.
The large slime creature completely misses you.
You mangle the large slime creature!!
The large slime creature is heavily wounded.
The large slime creature hits you!
* * * LOW HITPOINT WARNING * * *
You mangle the large slime creature!! You claw the large slime creature!
The large slime creature is severely wounded.
The large slime creature hits you!!
You die...

......#.#☼###○°
..... #.#R# ....
#...# .(. ###># ..
...## . $..# . #
...#
....#o######.####...
....WOJ@..).....?...
......######.#>##..
....#.######.###...
.................# .
....#####.##### .
#.# #.# #.# #.#


You could see a large slime creature, a phantom, an ogre and an orc priest.

Vanquished Creatures
  Gastronok (D:11)
  A hydra (D:12)
  A centaur warrior (D:11)
  4 two-headed ogres
  Sonja (D:11)
  A cyclops (D:11)
  2 centaur zombies
  A gargoyle (D:11)
  Prince Ribbit (D:7)
  A hippogriff (D:7)
  A spriggan (D:7)
  A wyvern (D:11)
  Eustachio (D:6)
  13 yaks
  A human (D:7)
  3 hungry ghosts
  Edmund (D:6)
  4 hell hounds
  2 ice beasts
  4 phantoms
  2 necrophages
  2 sky beasts (D:5)
  3 boggarts (D:12)
  4 ogres
  A crocodile (D:8)
  14 centaurs
  2 big kobolds
  Blork the orc (D:6)
  A gnoll sergeant (D:8)
  13 bullfrogs
  A wyvern zombie (D:9)
  3 scorpions
  10 killer bees (D:8)
  A howler monkey (D:5)
  3 crimson imps
  2 quasits
  A bullfrog zombie (D:12)
  4 hounds
  A jelly (D:7)
  5 orc priests
  2 bullfrog skeletons
  A centaur skeleton (D:2)
  8 orc wizards
  Terence (D:2)
  4 iguanas
  6 worker ants
  4 hound skeletons
  3 worker ant zombies
  Robin (D:3)
  5 gnolls
  13 adders
  3 shadow imps
  2 oozes
  2 adder skeletons
  2 adder zombies
  3 worms (D:2)
  3 dart slugs
  11 leopard geckos
  34 orcs
  2 ball pythons
  5 bats
  9 giant cockroaches
  13 hobgoblins
  15 jackals
  14 kobolds
  6 quokkas
  5 frilled lizards
  A giant cockroach zombie (D:5)
  14 goblins
  A jackal skeleton (D:4)
  2 quokka skeletons
  A quokka zombie (D:5)
  11 rats
326 creatures vanquished.

Vanquished Creatures (collateral kills)
  Nergalle (D:10)
  A yak (D:11)
  An ice beast (D:11)
  A centaur (D:11)
  A killer bee (D:8)
5 creatures vanquished.

Grand Total: 331 creatures vanquished

Notes
Turn   | Place    | Note
-------+----------+-------------------------------------------
     0 | D:1      | HASTUR3 the Troll Berserker began the quest for the Orb.
     0 | D:1      | Reached XP level 1. HP: 22/22 MP: 0/0
    40 | D:1      | You fall through a shaft!
    53 | D:2      | Reached XP level 2. HP: 29/29 MP: 1/1
    91 | D:2      | Reached skill level 4 in Unarmed Combat
   152 | D:2      | Noticed Terence
   164 | D:2      | Killed Terence
   164 | D:2      | Reached XP level 3. HP: 20/36 MP: 2/2
   220 | D:2      | Reached skill level 5 in Unarmed Combat
   220 | D:2      | Reached XP level 4. HP: 36/44 MP: 3/3
   380 | D:2      | Reached ** piety under Trog
  1308 | D:3      | Reached XP level 5. HP: 49/50 MP: 4/4
  1369 | D:3      | Noticed Robin
  1488 | D:3      | Killed Robin
  1488 | D:3      | Reached skill level 6 in Unarmed Combat
  1861 | D:3      | Reached *** piety under Trog
  1947 | D:3      | Found a shadowy altar of Dithmenos.
  1961 | D:3      | Found a white marble altar of Elyvilon.
  1988 | D:3      | Found a sacrificial altar of Ru.
  2083 | D:3      | Found an ancient bone altar of Kikubaaqudgha.
  2503 | D:4      | Reached XP level 6. HP: 44/59 MP: 5/5
  2520 | D:4      | Reached skill level 7 in Unarmed Combat
  2675 | D:4      | Found a shadowy altar of Dithmenos.
  3087 | D:4      | Reached XP level 7. HP: 59/66 MP: 6/6
  3139 | D:4      | Gained mutation: You expend magic power (3 MP) to
                  | strengthen your wands. [potion of mutation]
  3139 | D:4      | Gained mutation: You occasionally shout uncontrollably at
                  | your foes. [potion of mutation]
  3139 | D:4      | Gained mutation: You have large cloven feet. [potion of
                  | mutation]
  3139 | D:4      | Gained mutation: You possess an exceptional clarity of
                  | mind. [potion of mutation]
  3140 | D:4      | Lost mutation: You expend magic power (3 MP) to strengthen
                  | your wands. [potion of mutation]
  3140 | D:4      | Lost mutation: You occasionally shout uncontrollably at
                  | your foes. [potion of mutation]
  3140 | D:4      | Gained mutation: You have a pair of small antennae on your
                  | head. [potion of mutation]
  3140 | D:4      | Gained mutation: Armour fits poorly on your strangely
                  | shaped body. [potion of mutation]
  3140 | D:4      | Gained mutation: You have a pair of antennae on your head.
                  | [potion of mutation]
  3141 | D:4      | Lost mutation: You have a pair of antennae on your head.
                  | [potion of mutation]
  3141 | D:4      | Lost mutation: You possess an exceptional clarity of mind.
                  | [potion of mutation]
  3141 | D:4      | Lost mutation: You have a pair of small antennae on your
                  | head. [potion of mutation]
  3141 | D:4      | Gained mutation: Your magical capacity is low. (-10% MP)
                  | [potion of mutation]
  3141 | D:4      | Gained mutation: You possess an exceptional clarity of
                  | mind. [potion of mutation]
  3142 | D:4      | Lost mutation: You have large cloven feet. [potion of
                  | mutation]
  3142 | D:4      | Lost mutation: Your magical capacity is low. (-10% MP)
                  | [potion of mutation]
  3142 | D:4      | Gained mutation: You have a pair of small horns on your
                  | head. [potion of mutation]
  3142 | D:4      | Gained mutation: You are surrounded by a mild repulsion
                  | field. (EV +2) [potion of mutation]
  3143 | D:4      | Lost mutation: You possess an exceptional clarity of mind.
                  | [potion of mutation]
  3143 | D:4      | Lost mutation: You have a pair of small horns on your head.
                  | [potion of mutation]
  3143 | D:4      | Lost mutation: Armour fits poorly on your strangely shaped
                  | body. [potion of mutation]
  3143 | D:4      | Gained mutation: You are agile. (Dex +2) [potion of
                  | mutation]
  3338 | D:5      | Entered Level 5 of the Dungeon
  3430 | D:5      | Reached **** piety under Trog
  3498 | D:5      | You fall through a shaft!
  3521 | D:6      | Found a shattered altar of Ashenzari.
  3532 | D:6      | Reached XP level 8. HP: 78/78 MP: 7/7
  3636 | D:6      | Noticed Edmund
  3647 | D:6      | Killed Edmund
  3647 | D:6      | Reached skill level 8 in Unarmed Combat
  3668 | D:6      | Found Bysch's Food Shoppe.
  3734 | D:6      | Noticed Eustachio
  3757 | D:6      | Killed Eustachio
  3757 | D:6      | Reached skill level 9 in Unarmed Combat
  3825 | D:6      | Noticed Blork the orc
  3830 | D:6      | Killed Blork the orc
  3881 | D:6      | Found a staircase to the Ecumenical Temple.
  4458 | D:5      | Reached skill level 10 in Unarmed Combat
  4858 | D:7      | Found a blossoming altar of Fedhas.
  4858 | D:7      | Noticed Prince Ribbit
  4860 | D:7      | Found Alod's Antique Weapon Shop.
  4884 | D:7      | Killed Prince Ribbit
  4884 | D:7      | Reached XP level 9. HP: 64/84 MP: 8/8
  4987 | D:7      | Reached skill level 11 in Unarmed Combat
  5034 | D:7      | Found a runed translucent door.
  5035 | D:7      | Found a basalt altar of Yredelemnul.
  5258 | D:7      | Found an iron altar of Okawaru.
  5258 | D:7      | Found a bloodstained altar of Trog.
  5406 | D:8      | Reached skill level 12 in Unarmed Combat
  5690 | D:8      | Reached XP level 10. HP: 85/92 MP: 9/9
  5696 | D:8      | Reached ***** piety under Trog
  5720 | D:8      | Reached skill level 13 in Unarmed Combat
  5917 | D:8      | Found a hide-covered altar of Uskayaw.
  5978 | D:8      | Received a gift from Trog
  6404 | D:9      | Found a shimmering altar of Xom.
  6457 | D:9      | Noticed a two-headed ogre
  6463 | D:9      | Killed a two-headed ogre
  6653 | D:9      | Noticed a two-headed ogre
  6660 | D:9      | Killed a two-headed ogre
  6660 | D:9      | Reached skill level 5 in Fighting
  6660 | D:9      | Reached skill level 5 in Dodging
  6726 | D:9      | Found a staircase to the Lair.
  7020 | D:10     | Entered Level 10 of the Dungeon
  7039 | D:10     | Noticed Nergalle
  7044 | D:10     | Killed Nergalle
  7164 | D:10     | Reached skill level 5 in Throwing
  7191 | D:10     | Reached XP level 11. HP: 98/105 MP: 10/10
  7438 | D:10     | Found a white marble altar of Elyvilon.
  7865 | D:11     | Noticed a centaur warrior
  7882 | D:12     | Received a gift from Trog
  7940 | D:11     | Killed a centaur warrior
  8045 | D:11     | Noticed Sonja
  8046 | D:11     | Noticed a two-headed ogre
  8064 | D:11     | Killed a two-headed ogre
  8087 | D:11     | Killed Sonja
  8093 | D:11     | Noticed Gastronok
  8209 | D:11     | Reached skill level 14 in Unarmed Combat
  8221 | D:11     | Killed Gastronok
  8542 | D:11     | Noticed a two-headed ogre
  8550 | D:11     | Killed a two-headed ogre
  8550 | D:11     | Reached XP level 12. HP: 115/115 MP: 11/11
  8557 | D:11     | Reached skill level 15 in Unarmed Combat
  8734 | D:12     | Noticed a six-headed hydra
  8734 | D:12     | Noticed Azrael
  8782 | D:12     | Found a staircase to the Orcish Mines.
  8800 | D:12     | Noticed a two-headed ogre
  8808 | D:12     | Killed a ten-headed hydra
  8847 | D:12     | Slain by a large slime creature

Skill      XL: |  1  2  3  4  5  6  7  8  9 10 11 12 |
---------------+-------------------------------------+-----
Unarmed Combat | 4 5 6 7 10 12 13 14 15 | 15.4
Throwing       | 2 5 6 |  6.1
Fighting       | 4 5 6 |  6.6
Dodging        | 4 5 6 |  6.5

Action                   |  1- 3 |  4- 6 |  7- 9 | 10-12 || total
-------------------------+-------+-------+-------+-------++-------
Melee: Unarmed           |    47 |   211 |   291 |   288 ||   837
       Punch             |     3 |     6 |    11 |    27 ||    47
Throw: Stone             |       |       |    10 |       ||    10
       Large rock        |       |       |       |    15 ||    15
Invok: Berserk           |       |       |     3 |     6 ||     9
       Brothers in Arms  |       |       |     1 |     4 ||     5
       Trog's Hand       |       |       |       |     1 ||     1
  Use: Scroll            |       |       |     7 |     7 ||    14
       Potion            |       |       |     5 |       ||     5
 Stab: Sleeping          |       |     2 |     1 |     1 ||     4
  Eat: Chunk             |     7 |    27 |    27 |    43 ||   104
Armor: Animal skin       |    21 |    47 |    40 |       ||   108
       Robe              |       |       |    49 |    69 ||   118
Dodge: Dodged            |    25 |    93 |   168 |   203 ||   489
